[Event "ICCopen2016"]
[Site "Internet Chess Club"]
[Date "2016.06.04"]
[Round "3"]
[White "UAE2002"]
[Black "HungryFarseer"]
[Result "0-1"]
[ICCResult "White checkmated"]
[WhiteElo "2010"]
[BlackElo "1693"]
[Opening "King's Indian: Torre attack"]
[ECO "A48"]
[NIC "QP.01"]
[Time "14:24:00"]
[TimeControl "180+0"]

1. d4 Nf6 2. Nf3 g6 3. Bg5 Bg7 4. Nbd2 d6 5. e3 O-O 6. Bd3 Nc6 7. c3 e5 8.
h4 h6 9. h5 hxg5 10. hxg6 Bg4 11. gxf7+ Rxf7 12. Qc2 exd4 13. cxd4 Nb4 14.
Qb3 Nxd3+ 15. Qxd3 Nh5 16. Nxg5 Qxg5 17. f3 Bf5 18. e4 Qg3+ 19. Kd1 Bg6 20.
Kc2 Nf4 21. Qe3 Ne6 22. Nb3 c5 23. Rag1 Nxd4+ 24. Kb1 Qe5 25. Qd2 Nxb3 26.
axb3 a5 27. Re1 a4 28. Rhf1 axb3 29. f4 Bxe4+ 30. Qd3 Bxd3+ 31. Kc1 Qxb2+
32. Kd1 Ra1# {White checkmated} 0-1

[Event "ICCopen2016"]
[Site "Internet Chess Club"]
[Date "2016.06.04"]
[Round "3"]
[White "mathman"]
[Black "Heinichess"]
[Result "1-0"]
[ICCResult "Black checkmated"]
[WhiteElo "2343"]
[BlackElo "1839"]
[Opening "Sicilian defense"]
[ECO "B40"]
[NIC "SI.43"]
[Time "14:24:01"]
[TimeControl "180+0"]

1. e4 c5 2. Nf3 e6 3. b3 d6 4. d4 cxd4 5. Nxd4 Nc6 6. Bb2 Nf6 7. Bd3 Be7 8.
O-O a6 9. c4 Qc7 10. Nd2 Ne5 11. Bc2 g5 12. N2f3 Rg8 13. Nxe5 dxe5 14. Nf3
Nd7 15. a3 g4 16. Ne1 b6 17. Nd3 Bb7 18. Qe2 Nc5 19. Nxe5 Bd6 20. Nxg4 O-O-O
21. h3 h5 22. Nf6 Rg6 23. b4 Nd7 24. Nxd7 Rdg8 25. f3 Qxd7 26. Rad1 Rxg2+
27. Qxg2 Rxg2+ 28. Kxg2 Qe7 29. f4 Qh4 30. Rxd6 Qe7 31. Rfd1 f5 32. Rd8+
Qxd8 33. Rxd8+ Kxd8 34. Kf3 Ke7 35. Be5 a5 36. Ke3 axb4 37. axb4 fxe4 38.
Bxe4 Ba6 39. b5 Bc8 40. Bc6 Kf7 41. Kd4 Ke7 42. Bc7 Kf6 43. Ke4 e5 44. fxe5+
Kf7 45. h4 Bg4 46. Bxb6 Bh3 47. Bc5 Bg2+ 48. Kd4 Bh3 49. Bd5+ Ke8 50. Bd6
Kd8 51. c5 Bd7 52. b6 Ba4 53. c6 Bxc6 54. Bxc6 Kc8 55. b7+ Kd8 56. b8=Q#
{Black checkmated}
1-0

[Event "ICCopen2016"]
[Site "Internet Chess Club"]
[Date "2016.06.04"]
[Round "3"]
[White "catman"]
[Black "Panesso"]
[Result "0-1"]
[ICCResult "White forfeits on time"]
[WhiteElo "1795"]
[BlackElo "2237"]
[Opening "King's Indian: 4.e4"]
[ECO "E70"]
[NIC "KI.51"]
[Time "14:23:42"]
[TimeControl "180+0"]

1. d4 Nf6 2. c4 g6 3. Nc3 Bg7 4. e4 O-O 5. Bg5 d6 6. f3 a6 7. Qd2 Nc6 8. g4
Nd7 9. Nge2 b5 10. h4 Na5 11. Ng3 Nb6 12. b3 f6 13. Bh6 bxc4 14. Bxg7 Kxg7
15. h5 g5 16. f4 e5 17. fxg5 fxg5 18. h6+ Kh8 19. Nf5 cxb3 20. Rh5 Nac4 21.
Bxc4 Nxc4 22. Qd3 b2 23. Rb1 Bxf5 24. gxf5 exd4 25. Qxd4+ Ne5 26. Rxb2 Rb8
27. Nd5 Rxb2 28. Qxb2 Qb8 29. Qxb8 Rxb8 30. Nxc7 Rb4 31. Nd5 Rxe4+ 32. Kf2
Rd4 33. Nf6 Rf4+ 34. Ke3 Rxf5 35. Rxg5 Rxg5 36. Ne4 Rg6 37. Kd4 Ng4 38. Nc3
Nxh6 39. Nd5 Nf5+ 40. Kc4 Rg5 41. Kb3 Nd4+ 42. Kc4 Rxd5 43. Kxd5 Nb5 44. Kc6
Nc3 45. Kb6 Nxa2 46. Kxa6 Nc3 47. Kb6 Ne4 48. Kc6 Nf6 49. Kxd6 Kg7 50. Ke6
Kg6 51. Ke5 Kg5 52. Kd4 h5 53. Ke3 Kg4 54. Kf2 h4 55. Kg2 h3+ 56. Kh2 Kh4
57. Kg1 Kg3 58. Kh1 Ng4 59. Kg1 Nf2 {White forfeits on time} 0-1

[Event "ICCopen2016"]
[Site "Internet Chess Club"]
[Date "2016.06.04"]
[Round "3"]
[White "Commando"]
[Black "Igrok"]
[Result "0-1"]
[ICCResult "White forfeits on time"]
[WhiteElo "2674"]
[BlackElo "3065"]
[Opening "Réti: King's Indian attack (Barcza system)"]
[ECO "A07"]
[NIC "QP.09"]
[Time "14:23:42"]
[TimeControl "180+0"]

1. Nf3 d5 2. g3 c6 3. Bg2 Bg4 4. d3 e6 5. Nbd2 Nd7 6. h3 Bh5 7. O-O Bd6 8.
e4 Ne7 9. Re1 O-O 10. g4 Bg6 11. e5 Bc7 12. Nf1 c5 13. Bg5 Qe8 14. h4 h5 15.
N3h2 Nxe5 16. gxh5 Bh7 17. h6 f6 18. Bd2 Nf5 19. hxg7 Rf7 20. f4 Rxg7 21.
fxe5 Nxh4 22. Ng4 Qg6 23. Nfh2 Bxe5 24. Rxe5 fxe5 25. Qe1 Nxg2 26. Kxg2 e4
27. Kh1 d4 28. Bh6 Rf7 29. Qh4 Rf5 30. Rg1 Kh8 31. Ne5 Qxg1+ 32. Kxg1 Rg8+
33. Kh1 e3 34. Nhf3 e2 35. Qe1 Rh5+ 36. Nh2 Rxe5 37. Bf4 Rf5 38. Qxe2 Rgf8
39. Be5+ Kg8 40. Qg4+ Kf7 41. Qg7+ Ke8 42. Ng4 R8f7 43. Qh8+ Kd7 44. Nf6+
R5xf6 {White forfeits on time} 0-1

[Event "ICCopen2016"]
[Site "Internet Chess Club"]
[Date "2016.06.04"]
[Round "3"]
[White "pagoda"]
[Black "olimpus"]
[Result "0-1"]
[ICCResult "White checkmated"]
[WhiteElo "1883"]
[BlackElo "2676"]
[Opening "Robatsch (modern) defense"]
[ECO "A00"]
[NIC "VO.15"]
[Time "14:24:44"]
[TimeControl "180+0"]

1. Nc3 g6 2. e4 Bg7 3. d4 d6 4. Be3 a6 5. Qd2 b5 6. O-O-O Bb7 7. d5 c5 8.
dxc6 Nxc6 9. Nge2 Nf6 10. f3 Ne5 11. Nd4 Rc8 12. Kb1 Nfd7 13. Nd5 Nc5 14.
Bh6 Bxh6 15. Qxh6 Na4 16. h3 Bxd5 17. exd5 Qb6 18. Be2 Nc4 19. Qg7 Rf8 20.
Bxc4 bxc4 21. Nc6 e5 22. dxe6 Rxc6 23. Rhe1 Rc7 24. exf7+ Kd7 25. Qxf8 Qxb2#
{White checkmated}
0-1

[Event "ICCopen2016"]
[Site "Internet Chess Club"]
[Date "2016.06.04"]
[Round "3"]
[White "ponte2"]
[Black "queenfish"]
[Result "0-1"]
[ICCResult "White forfeits on time"]
[WhiteElo "1352"]
[BlackElo "1917"]
[Opening "Queen's pawn: London system"]
[ECO "A45"]
[NIC "QP.07"]
[Time "14:24:30"]
[TimeControl "180+0"]

1. d4 Nf6 2. Bf4 e6 3. e3 d5 4. Bd3 Bd6 5. Bg3 Nc6 6. c3 O-O 7. Nf3 Bd7 8.
Ne5 Qe7 9. Nd2 Be8 10. h4 Nd7 11. f4 f5 12. Ndf3 Nf6 13. Nxc6 bxc6 14. Ne5
c5 15. h5 cxd4 16. exd4 Ne4 17. Bh4 Nf6 18. g4 Bxe5 19. fxe5 fxg4 20. exf6
gxf6 21. Qc2 Kh8 22. Bxh7 Qxh7 23. Qxh7+ Kxh7 24. O-O-O f5 25. Rdf1 Kh6 26.
Bg3 c6 27. Bf4+ Kh7 28. a4 Bf7 29. Kd2 Rg8 30. Kd3 Rge8 31. Be5 Rg8 32. Bf6
Rge8 33. Be5 Rg8 34. Bf4 Rae8 35. h6 Rg6 36. Rfg1 Reg8 37. Rh5 g3 38. Rg2
Rg4 39. Be5 Bxh5 {White forfeits on time} 0-1

[Event "ICCopen2016"]
[Site "Internet Chess Club"]
[Date "2016.06.04"]
[Round "3"]
[White "Bubacik"]
[Black "BlitzorDDD"]
[Result "0-1"]
[ICCResult "White resigns"]
[WhiteElo "2597"]
[BlackElo "2988"]
[Opening "QGD semi-Slav"]
[ECO "D43"]
[NIC "SL.03"]
[Time "14:25:06"]
[TimeControl "180+0"]

1. d4 d5 2. Nf3 c6 3. c4 Nf6 4. Nc3 e6 5. Bg5 Nbd7 6. cxd5 exd5 7. e3 Be7 8.
Qc2 Nh5 9. Bxe7 Qxe7 10. O-O-O Nb6 11. Ne5 g6 12. Bd3 Be6 13. Rhe1 O-O-O 14.
Kb1 Kb8 15. f4 Ng7 16. h3 Bf5 17. g4 Bxd3 18. Qxd3 f6 19. Nf3 Rhe8 20. h4
Nc4 21. e4 Qb4 22. b3 Na3+ 23. Kb2 Ne6 24. f5 Nf4 25. Qf1 Nc4+ 26. Kc2 Na3+
27. Kb2 dxe4 28. Rxe4 Nb5 29. Re6 Qxc3+ {White resigns} 0-1

[Event "ICCopen2016"]
[Site "Internet Chess Club"]
[Date "2016.06.04"]
[Round "3"]
[White "ol4ik"]
[Black "daskapitallesen"]
[Result "1-0"]
[ICCResult "Black resigns"]
[WhiteElo "2230"]
[BlackElo "1795"]
[Opening "French: advance, Euwe variation"]
[ECO "C02"]
[NIC "FR.03"]
[Time "14:24:06"]
[TimeControl "180+0"]

1. e4 e6 2. d4 d5 3. e5 c5 4. c3 Nc6 5. Nf3 Bd7 6. Be2 Nge7 7. O-O Rc8 8.
Na3 cxd4 9. cxd4 Qb6 10. Nc2 Nf5 11. a3 Na5 12. Ne3 Nxe3 13. Bxe3 Bb5 14.
Rc1 Nc6 15. b4 Bxe2 16. Qxe2 a6 17. Rfd1 Be7 18. Bg5 Bxg5 19. Nxg5 h6 20.
Qh5 O-O 21. Nf3 Ne7 22. h4 Rxc1 23. Rxc1 Nf5 24. Rd1 Qb5 25. Qg4 Rc8 26. Ne1
Rc4 27. g3 b6 28. Ng2 Qc6 29. Nf4 Rc1 30. Nh5 Rxd1+ 31. Qxd1 g6 32. Nf6+ Kg7
33. h5 g5 34. g4 Nh4 35. Qb1 Nf3+ 36. Kg2 Nh4+ 37. Kh2 Nf3+ 38. Kg3 Kf8 39.
Kxf3 Ke7 40. Qd3 Qc3 41. Qxc3 {Black resigns} 1-0

[Event "ICCopen2016"]
[Site "Internet Chess Club"]
[Date "2016.06.04"]
[Round "3"]
[White "VisualEYES"]
[Black "Tal-Baron"]
[Result "0-1"]
[ICCResult "White checkmated"]
[WhiteElo "2054"]
[BlackElo "2767"]
[Opening "Grünfeld with Bf4 & e3"]
[ECO "D93"]
[NIC "GI.03"]
[Time "14:23:41"]
[TimeControl "180+0"]

1. d4 Nf6 2. c4 g6 3. Nc3 d5 4. Bf4 Bg7 5. e3 O-O 6. Nf3 c5 7. dxc5 Ne4 8.
Be5 Bxe5 9. Nxe5 Nxc3 10. bxc3 Qa5 11. Qd2 Nc6 12. Nxc6 bxc6 13. cxd5 cxd5
14. c6 Be6 15. Be2 Rac8 16. c4 Qxd2+ 17. Kxd2 dxc4 18. Bf3 Rfd8+ 19. Kc2 Bd5
20. Rhd1 Bxf3 21. gxf3 Kg7 22. Rxd8 Rxd8 23. Rb1 Rc8 24. Rb7 Rxc6 25. Rxa7
Kf6 26. Kc3 Ke6 27. Ra4 Kd5 28. Ra5+ Kd6 29. Ra4 Kd5 30. Rb4 f5 31. a4 e5
32. e4+ fxe4 33. fxe4+ Kd6 34. Rxc4 Rb6 35. Rb4 Rc6+ 36. Rc4 Rb6 37. a5 Rb1
38. Ra4 Kc7 39. Kc4 Rd1 40. Ra2 Kb7 41. a6+ Ka7 42. h4 Rd4+ 43. Kc5 Rxe4 44.
Kd5 Re1 45. Ke6 Rh1 46. Ra4 e4 47. Rxe4 Kxa6 48. Kf7 Kb5 49. Kg7 Kc5 50.
Kxh7 g5 51. Kh6 gxh4 52. f4 Kd5 53. Re2 h3 54. f5 Kd4 55. f6 Kd3 56. Re5 Rf1
57. Re7 Rxf6+ 58. Kh5 h2 59. Rd7+ Ke3 60. Re7+ Kf2 61. Re2+ Kxe2 62. Kg5
h1=Q 63. Kxf6 Qe4 64. Kg5 Kf3 65. Kf6 Qd5 66. Kg7 Kg4 67. Kh6 Kf5 68. Kg7
Qe6 69. Kh7 Qd7+ 70. Kh8 Kf6 71. Kg8 Qg7# {White checkmated} 0-1

[Event "ICCopen2016"]
[Site "Internet Chess Club"]
[Date "2016.06.04"]
[Round "3"]
[White "kvicc"]
[Black "DeepHmmm"]
[Result "1/2-1/2"]
[ICCResult "Black stalemated"]
[WhiteElo "2152"]
[BlackElo "1798"]
[Opening "Two knights defense (Modern bishop's opening)"]
[ECO "C55"]
[NIC "IG.01"]
[Time "14:24:02"]
[TimeControl "180+0"]

1. e4 e5 2. Nf3 Nc6 3. Bc4 Nf6 4. d3 Be7 5. c3 h6 6. Bb3 O-O 7. h3 d5 8.
Nbd2 Be6 9. O-O Qd7 10. exd5 Bxd5 11. Re1 Bd6 12. Bc2 Rfe8 13. Ne4 Nxe4 14.
dxe4 Be6 15. Be3 a6 16. b3 Rad8 17. Qe2 Qe7 18. Rad1 Qf6 19. Nh2 Qg6 20. Qf3
Rf8 21. Ng4 Be7 22. Rxd8 Rxd8 23. Rd1 Rxd1+ 24. Qxd1 h5 25. Nh2 f6 26. Qf3
Qf7 27. Nf1 Kh7 28. Ng3 g6 29. Bc1 Bc5 30. Qe2 Bb6 31. Qd2 Qd7 32. Qh6+ Kg8
33. Qxg6+ Qg7 34. Qxg7+ Kxg7 35. Nxh5+ Kg6 36. Ng3 Ne7 37. Ba3 Nc6 38. Bd1
Nd8 39. Bh5+ Kg5 40. Be8 Nc6 41. Bc1+ Kh4 42. Bh6 Ba5 43. b4 Bb6 44. Bg7 Kg5
45. h4+ Kxh4 46. Bxf6+ Kg4 47. a4 a5 48. b5 Nb8 49. Bxe5 Nd7 50. Bd4 Kf4 51.
Bxd7 Bxd7 52. Bxb6 cxb6 53. Kf1 Be6 54. Nf5 Bb3 55. Nd6 Bxa4 56. g3+ Ke5 57.
Nxb7 Bxb5+ 58. Kg2 a4 59. f4+ Kxe4 60. Nd6+ Kd3 61. Nxb5 Kc4 62. Na3+ Kb3
63. Nb1 Kb2 64. Nd2 a3 65. Nc4+ Kb3 66. Nxa3 Kxa3 67. f5 Kb3 68. f6 Kxc3 69.
f7 b5 70. f8=Q b4 71. Qf6+ Kc2 72. Qf5+ Kc3 73. Qe5+ Kc2 74. Qe4+ Kc3 75.
Qxb4+ Kxb4 76. g4 Kc5 77. g5 Kd6 78. Kf3 Ke6 79. Kf4 Kf7 80. Kg4 Kg7 81. Kh5
Kh7 82. g6+ Kg8 83. Kg5 Kh8 84. Kf5 Kg8 85. Kf6 Kh8 86. Kf7 {Black
stalemated} 1/2-1/2

[Event "ICCopen2016"]
[Site "Internet Chess Club"]
[Date "2016.06.04"]
[Round "3"]
[White "Freedoom"]
[Black "EirikG"]
[Result "1/2-1/2"]
[ICCResult "Game drawn because neither player has mating material"]
[WhiteElo "1880"]
[BlackElo "2518"]
[Opening "Sicilian: Labourdonnais-Löwenthal variation"]
[ECO "B32"]
[NIC "SI.32"]
[Time "14:24:30"]
[TimeControl "180+0"]

1. e4 c5 2. Nf3 Nc6 3. d4 cxd4 4. Nxd4 e5 5. Nf5 d5 6. exd5 Bxf5 7. dxc6
Qxd1+ 8. Kxd1 bxc6 9. Bd3 O-O-O 10. Ke2 Be6 11. Nc3 f5 12. f3 Nf6 13. Be3
Kb7 14. Rad1 Nd5 15. Bg5 Rd7 16. Nxd5 cxd5 17. Bb5 Rd6 18. c4 d4 19. c5 Rd5
20. Bc4 Bxc5 21. Bxd5+ Bxd5 22. b3 e4 23. Rxd4 Bxd4 24. Rd1 exf3+ 25. gxf3
Re8+ 26. Kf1 Be3 27. Bxe3 Rxe3 28. Rxd5 Rxf3+ 29. Kg2 Rc3 30. Rxf5 Rc2+ 31.
Kg3 Rxa2 32. Rf7+ Kb6 33. Rxg7 Ra3 34. Rxh7 Rxb3+ 35. Kf4 a5 36. Rh8 a4 37.
Ra8 Rb4+ 38. Kg5 Rb5+ 39. Kg4 Ra5 40. Rb8+ Kc5 41. h4 a3 42. Rb1 a2 43. Ra1
Kb4 44. h5 Kb3 45. h6 Kb2 46. Rxa2+ Kxa2 47. h7 Ra8 48. Kg5 Rh8 49. Kg6 Rxh7
50. Kxh7 {Game drawn because neither player has mating material} 1/2-1/2

[Event "ICCopen2016"]
[Site "Internet Chess Club"]
[Date "2016.06.04"]
[Round "3"]
[White "pawelwaw"]
[Black "BlueJ"]
[Result "1-0"]
[ICCResult "Black checkmated"]
[WhiteElo "1561"]
[BlackElo "2079"]
[Opening "Sicilian: Taimanov variation"]
[ECO "B48"]
[NIC "SI.40"]
[Time "14:24:29"]
[TimeControl "180+0"]

1. e4 c5 2. Nf3 e6 3. d4 cxd4 4. Nxd4 Nc6 5. Nc3 Qc7 6. Be3 a6 7. Qd2 Nf6 8.
f3 b5 9. a3 Bb7 10. g4 Rc8 11. Nxc6 Bxc6 12. O-O-O Qb7 13. e5 Nd5 14. Ne4 b4
15. Nc5 d6 16. Nxb7 Bxb7 17. Kb1 bxa3 18. bxa3 dxe5 19. Qa5 Nc3+ 20. Kc1
Bxf3 21. Bb5+ axb5 22. Rd3 Ne2+ 23. Kb2 Bxh1 24. Qxb5+ Bc6 25. Qa6 Rb8+ 26.
Ka1 Be7 27. Qxc6+ Kf8 28. Ba7 Re8 29. Rd7 h5 30. g5 Bxg5 31. Qf3 Nf4 32. Qb7
Be7 33. Bc5 Nd5 34. Bxe7+ Nxe7 35. a4 Rh7 36. a5 Rh6 37. a6 Rg6 38. a7 Rg1+
39. Kb2 Rg4 40. a8=Q Rb4+ 41. Qxb4 Rxa8 42. Qxe7+ Kg8 43. Qxf7+ Kh8 44.
Qxg7# {Black checkmated} 1-0

[Event "ICCopen2016"]
[Site "Internet Chess Club"]
[Date "2016.06.04"]
[Round "3"]
[White "Antidrome"]
[Black "florish"]
[Result "0-1"]
[ICCResult "White checkmated"]
[WhiteElo "2609"]
[BlackElo "1913"]
[Opening "QGD semi-Slav"]
[ECO "D43"]
[NIC "QO.16"]
[Time "14:24:00"]
[TimeControl "180+0"]

1. d4 d5 2. c4 e6 3. Nc3 Nf6 4. Nf3 c6 5. Bg5 Be7 6. e3 Nbd7 7. Bd3 b6 8.
O-O Bb7 9. Rc1 dxc4 10. Bxc4 O-O 11. Qe2 c5 12. Rfd1 cxd4 13. Nxd4 h6 14.
Bh4 Rc8 15. Bb5 Qc7 16. Bxd7 Qxd7 17. Nf5 Qe8 18. Nxe7+ Qxe7 19. e4 g5 20.
Bg3 Rfd8 21. h4 Rxd1+ 22. Rxd1 Qc5 23. hxg5 hxg5 24. e5 Nh7 25. Ne4 Bxe4 26.
Qxe4 Qc2 27. Rd8+ Kg7 28. Qd4 Rxd8 29. Qxd8 Qxb2 30. Qe7 Qxa2 31. f4 Qb1+
32. Kh2 Qf5 33. fxg5 Qxg5 34. Qa3 a5 35. Qf3 Qf5 36. Bf4 Nf8 37. Qg3+ Ng6
38. Bg5 Qxe5 39. Qxe5+ Nxe5 40. Be3 b5 41. Bd4 f6 42. Kg3 b4 43. Kf4 a4 44.
Ke3 a3 45. Kd2 b3 46. Kc3 b2 47. Kc2 Nc4 48. Kb1 e5 49. Bc3 Kg6 50. Ka2 Kf5
51. g3 Kg4 52. Be1 e4 53. Kb1 e3 54. Ka2 Nd2 55. Kxa3 b1=Q 56. Bxd2 exd2 57.
Ka4 d1=Q+ 58. Ka3 Qbb3# {White checkmated} 0-1

[Event "ICCopen2016"]
[Site "Internet Chess Club"]
[Date "2016.06.04"]
[Round "3"]
[White "Zebbile"]
[Black "hedgie"]
[Result "1-0"]
[ICCResult "Black forfeits on time"]
[WhiteElo "1750"]
[BlackElo "2084"]
[Opening "Réti opening"]
[ECO "A04"]
[NIC "QP.10"]
[Time "14:24:21"]
[TimeControl "180+0"]

1. Nf3 c5 2. c3 d5 3. d4 Nc6 4. Bf4 e6 5. e3 Nge7 6. Bd3 Ng6 7. Bg3 Bd6 8.
Nbd2 O-O 9. O-O b6 10. Qe2 Bb7 11. dxc5 bxc5 12. e4 Bxg3 13. hxg3 d4 14.
cxd4 cxd4 15. Rad1 e5 16. a3 Qe7 17. Bc4 Rfc8 18. Bd5 Na5 19. Bxb7 Qxb7 20.
b4 Nc6 21. Nc4 Qb5 22. Rfe1 Nxb4 23. Nd6 Qxe2 24. Rxe2 Rc6 25. axb4 Rxd6 26.
Rb2 Rb6 27. Rdb1 Rab8 28. Ne1 a6 29. Nd3 Kf8 30. Nc5 Ke7 31. Ra2 Rxb4 32.
Rxb4 Rxb4 33. Rxa6 Rc4 34. Nd3 Rc3 35. Nb4 h5 36. Nd5+ Ke8 37. Nxc3 dxc3 38.
Rc6 Kd7 39. Rxc3 Ne7 40. f3 Ke6 41. Kf2 Kf6 42. Rc7 Ng6 43. Rc6+ Kg5 44. Ke3
f6 45. f4+ exf4+ 46. gxf4+ Nxf4 47. Rc5+ Kg4 48. Rf5 Nxg2+ 49. Kf2 Nh4 50.
Rb5 g5 51. Rb6 f5 52. e5 f4 53. e6 Nf5 54. Rb7 h4 55. e7 Nd6 56. Rd7
{Black forfeits on time}
1-0

[Event "ICCopen2016"]
[Site "Internet Chess Club"]
[Date "2016.06.04"]
[Round "3"]
[White "motipen"]
[Black "arnav311004"]
[Result "0-1"]
[ICCResult "White forfeits on time"]
[WhiteElo "1847"]
[BlackElo "1508"]
[Opening "Benoni: four pawns attack, main line"]
[ECO "A69"]
[NIC "BI.02"]
[Time "14:24:27"]
[TimeControl "180+0"]

1. d4 Nf6 2. c4 g6 3. Nc3 Bg7 4. e4 d6 5. f4 O-O 6. Nf3 c5 7. d5 e6 8. Be2
exd5 9. cxd5 Re8 10. Nd2 a6 11. a4 Nbd7 12. O-O Rb8 13. Re1 Qc7 14. Bc4 Qa5
15. h3 b5 16. Bf1 c4 17. Qc2 Nc5 18. Ra2 Nh5 19. axb5 Qd8 20. bxa6 Bd4+ 21.
Kh2 Bf2 22. Re2 Qh4 23. Nf3 Qg3+ 24. Kh1 Nd3 25. a7 Ra8 26. Nd1 Bxa7 27.
Qxc4 Ndxf4 28. Bxf4 Nxf4 29. Qc6 Bxh3 30. Rxa7 Rac8 31. Rc7 Nxe2 32. Rxc8
Rxc8 33. Qb5 Nf4 {White forfeits on time} 0-1

[Event "ICCopen2016"]
[Site "Internet Chess Club"]
[Date "2016.06.04"]
[Round "3"]
[White "Peretyatko"]
[Black "mikado"]
[Result "1-0"]
[ICCResult "Black resigns"]
[WhiteElo "2769"]
[BlackElo "1999"]
[Opening "Mieses opening"]
[ECO "A00"]
[NIC "VO.13"]
[Time "14:24:45"]
[TimeControl "180+0"]

1. d3 g6 2. g3 c5 3. Bg2 Bg7 4. c4 Nc6 5. Nc3 d6 6. a3 e5 7. Rb1 a5 8. Nf3
Nge7 9. Bg5 f6 10. Bd2 Be6 11. O-O O-O 12. Ne1 d5 13. cxd5 Nxd5 14. Qb3 Nd4
15. Bxd5 Nxb3 16. Bxe6+ Kh8 17. Bxb3 Qd7 18. a4 b6 19. Nf3 f5 20. Ng5 h6 21.
Ne6 Rfe8 22. Nxg7 Kxg7 23. Rbd1 Rad8 24. Bc4 Qc7 25. f3 h5 26. e4 f4 27.
gxf4 exf4 28. Nd5 Rxd5 29. Bxd5 g5 30. Kh1 Qd7 31. Kg2 Qxa4 32. Bc3+ Kh6 33.
h4 Qd7 34. hxg5+ Kxg5 35. Rg1 Kh6 36. Kh2 Qe7 37. Rg2 Qh4+ 38. Kg1 b5 39.
Bf7 Re7 40. Bd5 b4 41. Bd2 Re5 42. Rf1 Rf5 43. exf5 {Black resigns} 1-0

[Event "ICCopen2016"]
[Site "Internet Chess Club"]
[Date "2016.06.04"]
[Round "3"]
[White "RussianCowboy"]
[Black "luke-skywalker"]
[Result "1-0"]
[ICCResult "Black resigns"]
[WhiteElo "2015"]
[BlackElo "1646"]
[Opening "Inverted Hungarian"]
[ECO "C44"]
[NIC "KP.10"]
[Time "14:26:32"]
[TimeControl "180+0"]

1. e4 e5 2. Nf3 Nc6 3. Be2 Nf6 4. d3 Bc5 5. Nbd2 O-O 6. O-O d5 7. c3 dxe4 8.
dxe4 Bg4 9. b4 Bb6 10. Qc2 a5 11. b5 Ne7 12. Nc4 Ng6 13. Nfxe5 Nxe5 14. Nxe5
Bxe2 15. Qxe2 Qe7 16. Bf4 g5 17. Bg3 h5 18. h3 h4 19. Bh2 Rfe8 20. Kh1 Rad8
21. f3 Qc5 22. Nc4 Qxb5 23. Rab1 Qc6 24. Rfc1 Nd7 25. Nxb6 Nxb6 26. c4 Rd4
27. c5 Na4 28. Qe3 Red8 29. Qxg5+ Kf8 30. Qxh4 Nxc5 31. Bg1 {Black resigns}
1-0

[Event "ICCopen2016"]
[Site "Internet Chess Club"]
[Date "2016.06.04"]
[Round "3"]
[White "PazificDreams"]
[Black "Creedence"]
[Result "0-1"]
[ICCResult "White forfeits on time"]
[WhiteElo "2690"]
[BlackElo "3088"]
[Opening "King's Indian, 3.Nf3"]
[ECO "E60"]
[NIC "EO.26"]
[Time "14:24:01"]
[TimeControl "180+0"]

1. d4 Nf6 2. Nf3 g6 3. c4 Bg7 4. g3 O-O 5. Bg2 c5 6. O-O cxd4 7. Nxd4 Nc6 8.
Nc3 Qb6 9. Nb3 d6 10. Be3 Qa6 11. Nb5 Qa4 12. Na3 Be6 13. Nd4 Nxd4 14. Qxa4
Nxe2+ 15. Kh1 Ng4 16. Qc2 Nd4 17. Qd2 Nxe3 18. fxe3 Nc6 19. Rac1 Rac8 20.
Nb5 Ne5 21. b3 Bh6 22. h3 Bd7 23. Nxa7 Ra8 24. Nb5 Rfc8 25. a4 Rab8 26. Kh2
b6 27. Nc3 Re8 28. Nd5 Bg7 29. Rcd1 h5 30. Nf4 Bf6 31. Nd3 Bg7 32. Nxe5 Bxe5
33. h4 Bg4 34. Bf3 Bd7 35. Kg2 Kg7 36. Bd5 e6 37. Bf3 Rec8 38. Qe2 Be8 39.
Rd2 Rc5 40. Rfd1 Rbc8 41. Rxd6 Bf6 42. Rxb6 g5 43. hxg5 Rxg5 44. Kf2 Be5 45.
Rg1 Rd8 46. Bxh5 Bc3 47. Rd1 Rc8 48. Bf3 Rcc5 49. Rb8 Bc6 50. Bxc6 Rxc6 51.
Rg1 Rcc5 52. Rd8 Rcf5+ 53. Kg2 Be5 54. Qf3 Rxf3 55. Kxf3 Rf5+ 56. Ke2 Bf6
57. Rg2 Bxd8 58. e4 Rg5 59. Ke3 Re5 60. Kf3 Rg5 61. g4 Rg6 62. Re2 Rf6+ 63.
Ke3 Rg6 64. Kd3 Bb6 65. Rc2 Bd8 66. c5 Rxg4 67. Kc4 Rg3 68. b4 Re3 69. Kb5
Rxe4 70. Rc4 Re5 71. Kc6 f5 72. b5 Bf6 73. b6 Re4 74. Rc2 Rb4 75. Rg2+ Kf7
76. Rd2 Rxb6+ 77. Kxb6 Be5 78. c6 Kf6 79. Kb7 Bc7 80. Rd7 f4
{White forfeits on time}
0-1

[Event "ICCopen2016"]
[Site "Internet Chess Club"]
[Date "2016.06.04"]
[Round "3"]
[White "BlueGoose"]
[Black "Smokie"]
[Result "1-0"]
[ICCResult "Black checkmated"]
[WhiteElo "1681"]
[BlackElo "1392"]
[Opening "QGD: Charousek (Petrosian) variation"]
[ECO "D31"]
[NIC "QP.08"]
[Time "14:24:45"]
[TimeControl "180+0"]

1. d4 d5 2. c4 e6 3. Nc3 Be7 4. e3 Nf6 5. Bd3 dxc4 6. Bxc4 Nbd7 7. Nge2 Nb6
8. O-O Nxc4 9. Qd3 Nb6 10. e4 e5 11. d5 Bg4 12. f3 Bh5 13. Be3 c6 14. Rad1
O-O 15. g4 Bg6 16. h4 Nxg4 17. fxg4 Bxh4 18. d6 h5 19. gxh5 Bxh5 20. Kh2 Bg5
21. Ng3 Bxd1 22. Nxd1 Bxe3 23. Qxe3 Qh4+ 24. Kg2 Nc4 25. Qc1 Nxd6 26. Rh1
Qf4 27. Qc5 Nxe4 28. Rh3 Qd2+ 29. Kf3 Nxc5 30. Ne3 Qd3 31. Nf5 e4+ 32. Kf4
g6 33. Ne7+ Kg7 34. N3f5+ gxf5 35. Nxf5+ Kf6 36. Rh6# {Black checkmated} 1-0

[Event "ICCopen2016"]
[Site "Internet Chess Club"]
[Date "2016.06.04"]
[Round "3"]
[White "nevidimka"]
[Black "YKQ"]
[Result "0-1"]
[ICCResult "White forfeits on time"]
[WhiteElo "2010"]
[BlackElo "2553"]
[Opening "Trompowsky attack (Ruth, Opocenský opening)"]
[ECO "A45"]
[NIC "QP.07"]
[Time "14:24:33"]
[TimeControl "180+0"]

1. d4 Nf6 2. Bg5 Ne4 3. h4 Nxg5 4. hxg5 e6 5. Nf3 Be7 6. g6 fxg6 7. e3 c5 8.
Bd3 O-O 9. Ne5 Qa5+ 10. c3 cxd4 11. exd4 Nc6 12. b4 Qd5 13. Nxc6 dxc6 14.
O-O e5 15. Nd2 Kh8 16. Bc4 Qd6 17. Nb3 Bf6 18. dxe5 Qxe5 19. Qd4 Qxd4 20.
Nxd4 a5 21. b5 Bxd4 22. cxd4 Bf5 23. Rfe1 Rad8 24. Rad1 h6 25. f3 g5 26. d5
cxd5 27. Bxd5 b6 28. a4 Rd6 29. Bb3 Rfd8 30. Rxd6 Rxd6 31. Re2 Kh7 32. Re3
h5 33. g3 h4 34. gxh4 gxh4 35. Kh2 Kh6 36. f4 g5 37. fxg5+ Kxg5 38. Re2 Rd4
39. Rg2+ Kf4 40. Bc2 Bxc2 41. Rxc2 Rxa4 42. Rc6 Rb4 43. Rxb6 a4 44. Ra6 Kg4
45. b6 h3 46. b7 Rb2+ 47. Kg1 Rxb7 48. Rxa4+ Kg3 49. Ra3+ Kh4 50. Ra4+ Kh5
51. Ra5+ Kg6 52. Ra3 Rh7 53. Kh2 Kg5 54. Rg3+ Kf4 55. Rxh3 Re7 56. Rh4+ Kg5
57. Rh8 Re6 58. Kg3 Re3+ 59. Kf2 Ra3 60. Rg8+ Kf4 61. Re8 Kf5 62. Re2 Rb3
63. Rd2 Rc3 64. Ke2 Rc4 65. Rd3 Re4+ 66. Re3 Rh4 67. Rf3+ Ke4 68. Rh3 Rxh3
69. Kf2 Rh2+ 70. Kg1 Ra2 {White forfeits on time} 0-1